 Dungeon Crawl Stone Soup version 0.31-a0-234-gad7ace16ef (webtiles) character file.

Game seed: 15457321587554932474

63 qw the Shooter (level 4, -1/26 HPs)
             Began as a Gargoyle Hexslinger on July 9, 2023.
             Slain by Ijyb
             ... wielding a +0 dagger
              (4 damage)
             ... on level 2 of the Dungeon.
             The game lasted 00:00:42 (1487 turns).

qw the Shooter (Gargoyle Hexslinger)                Turns: 1487, Time: 00:00:43

Health: -1/26      AC:  9    Str: 12    XL:     4   Next: 10%
Magic:  5/5        EV: 10    Int: 13    God:
Gold:   75         SH:  0    Dex: 14    Spells: 4/5 levels left

rFire   . . .        Y - +1 sling
rCold   . . .        (no shield)
rNeg    + . .        e - +0 ring mail
rPois   inf          (no helmet)
rElec   +            m - +0 cloak
rCorr   +            (no gloves)
SInv    .            (no boots)
Will    +....        (no amulet)
Stlth   +            g - ring of willpower
HPRegen 0.24/turn    j - ring of resist corrosion
MPRegen 0.09/turn

%: no passive effects
@: no status effects
A: sickness immunity, AC +3, negative energy resistance 1, electricity
resistance, torment resistance 1, petrification resistance
a: no special abilities


You were on level 2 of the Dungeon.
You visited 1 branch of the dungeon, and saw 3 of its levels.

You collected 75 gold pieces.


Innate Abilities, Weirdness & Mutations

You are immune to sickness and miasma.
Your stone body is resilient. (AC +3)
You are immune to poison.
You resist negative energy. (rN+)
You are resistant to electric shocks. (rElec)
You are resistant to unholy torment.
You are immune to petrification.


   Skills:
 - Level 2.0 Fighting
 - Level 3.9 Ranged Weapons
 + Level 0.0 Armour
 - Level 1.5 Dodging
 - Level 1.0 Spellcasting
 - Level 2.6 Hexes


You had 4 spell levels left.
You knew the following spells:

 Your Spells              Type           Power      Damage    Failure   Level
a - Slow                  Hex            28%        N/A       22%         1

Your spell library contained the following spells:

 Spells                   Type           Power      Damage    Failure   Level
 Inner Flame              Hex/Fire       4%         N/A       73%         3
 Portal Projectile        Hex/Tloc       8%         N/A       73%         3
 Cause Fear               Hex            3%         N/A       91%         4

Inventory:

Hand Weapons
 Y - a +1 sling (weapon)
Armour
 e - a +0 ring mail (worn)
 m - a +0 cloak (worn)
Jewellery
 g - a ring of willpower (left hand)
 j - a ring of resist corrosion (right hand)
Scrolls
 a - a scroll of identify
Potions
 d - a potion of lignification {unknown}
 f - a potion of berserk rage {unknown}
 h - a potion of degeneration {unknown}
 k - a potion of attraction {unknown}
 l - a potion of ambrosia {unknown}
 n - a potion of resistance {unknown}

Dungeon Overview and Level Annotations

Branches:
Dungeon (3/15)

Altars:

Annotations:
D:2 Ijyb


Message History

Enter note:
Enter note:
Enter note:
Enter note:
Enter note:
Enter note:
Enter note:
Enter note:
Enter note:
Enter note:
Enter note:
Enter note:
Enter note:
Enter note:
Enter note:
Enter note:
Enter note:
Enter note:
Enter note:
Enter note:
Enter note: You shoot a sling bullet.
The sling bullet hits Ijyb but does no damage.
Ijyb hits you but does no damage.
You shoot a sling bullet. The sling bullet hits Ijyb.
Ijyb is lightly wounded.
Ijyb zaps a wand.
The puff of flame hits you. Ijyb hits you with a +0 dagger.
You shoot a sling bullet. The sling bullet hits Ijyb.
Ijyb is moderately wounded.
Ijyb zaps a wand.
The puff of flame hits you.
You shoot a sling bullet. The sling bullet hits Ijyb.
Ijyb is moderately wounded.
Ijyb hits you but does no damage.
You shoot a sling bullet. The sling bullet hits Ijyb.
Ijyb is moderately wounded.
Ijyb hits you but does no damage. x2
You shoot a sling bullet.
The sling bullet completely misses Ijyb.
Ijyb hits you with a +0 dagger.
You die...

################# #.#
####...............# #.#
#..................# ####.#
#..................####.##.#### #
#..................+........... #
#..................###..##.####
######..........##...# #..##.#
...###..........##.#.###..##.####
.........(......@g....##..##.....
...#########.....#.#.###..##.####
...#########.....#...............
...........................#.###.
.........(.....#.............# #.
...........................### #.
...........................#####.
.....................###.#.......
...#........................####.


You could see Ijyb.

Vanquished Creatures
  2 worms (D:2)
  A dart slug (D:1)
  2 endoplasms
  4 giant cockroaches
  4 goblins
  5 hobgoblins
  6 jackals
  4 kobolds
  3 quokkas
  3 ball pythons (D:2)
  5 bats
  A frilled lizard (D:1)
  8 rats
48 creatures vanquished.

Notes
Turn   | Place    | Note
-------+----------+-------------------------------------------
     0 | D:1      | qw the Gargoyle Hexslinger began the quest for the Orb.
     0 | D:1      | Reached XP level 1. HP: 12/12 MP: 2/2
     0 | D:1      | 0 ||| qw: Version: 0.3-a-51-g015441d
     0 | D:1      | 0 ||| qw: Game counter: 4260
     0 | D:1      | 0 ||| qw: Melee chars always use a shield: true
     0 | D:1      | 0 ||| qw: God list: Okawaru
     0 | D:1      | 0 ||| qw: Allow faded altars: false
     0 | D:1      | 0 ||| qw: Do Orc after clearing Dungeon:15 true
     0 | D:1      | 0 ||| qw: Do second Lair branch before Depths: true
     0 | D:1      | 0 ||| qw: Lair rune preference: random
     0 | D:1      | 0 ||| qw: Goals: Normal
     0 | D:1      | 0 ||| PLANNING D:1-11
    29 | D:1      | 29 ||| FLEEEEING.
    31 | D:1      | Reached XP level 2. HP: 15/16 MP: 3/3
   154 | D:1      | Reached skill level 3 in Ranged Weapons
   346 | D:1      | Reached XP level 3. HP: 21/21 MP: 4/4
   771 | D:1      | 771 ||| UPGRADING to +0 ring mail.
   781 | D:1      | 781 ||| DROPPING +0 robe.
   782 | D:1      | 782 ||| UPGRADING to ring of willpower.
   783 | D:1      | 783 ||| UPGRADING to ring of resist corrosion.
   784 | D:1      | 784 ||| READING 2 scrolls labelled XAFUER VEWN.
   785 | D:1      | 785 ||| DROPPING scroll of poison.
   988 | D:2      | Identified the +6 hand axe of Kismet {heavy, Contam rElec
                  | Will- Dex+9}
  1230 | D:2      | Reached XP level 4. HP: 26/26 MP: 5/5
  1456 | D:2      | 1456 ||| UPGRADING to +0 cloak.
  1461 | D:2      | 1461 ||| READING scroll labelled DAPNEC FAYTH.
  1465 | D:2      | 1465 ||| READING scroll labelled HEAKKAMMAIP.
  1466 | D:2      | 1466 ||| READING scroll labelled GEACERGHYST.
  1475 | D:3      | Noticed Ijyb
  1476 | D:3      | 1476 ||| PLANNING SEWER
  1480 | D:3      | 1480 ||| STAIRDANCE
  1483 | D:2      | HP: 6/26 [Ijyb/+0 dagger (2)]
  1484 | D:2      | HP: 2/26 [Ijyb/puff of flame (5)]
  1487 | D:2      | Slain by Ijyb

Levels and vault maps discovered:
D:1:      spicycebolla_green_bress_n_ham_2, layout_basic, minmay_tetromino_s4
D:2:      layout_basic
D:3:      layout_loops_corners, gammafunk_temple_of_torment,
          gup_sewer_entry_bowl, serial_shops, shop,
          ebering_ecumenical_altar_mist, st_stairs_14,
          minmay_misc_feat_ornament, uniq_natasha, uniq_ijyb

Skill      XL: |  1  2 |
---------------+-------+-----
Ranged Weapons | 3 |  3.9
Fighting       | 2 |  2.0
Dodging        | |  1.5
Spellcasting   | |  1.0
Hexes          | |  2.6

Action                     |  1- 3 |  4- 6 || total
---------------------------+-------+-------++-------
   Fire: Sling             |   156 |    22 ||   178
    Use: Scroll            |     1 |     3 ||     4
 Armour: Robe              |    18 |       ||    18
         Ring mail         |    18 |     8 ||    26
  Dodge: Dodged            |    51 |     3 ||    54

Table legend:
 A = Non-vault XP
 B = Vault XP
 C = Vault XP percentage of total XP
 D = Non-vault monster count
 E = Vault monster count
 F = Vault count percentage of total count
                 A         B        C        D         E       F
            +---------+---------+-------+---------+---------+-------
      Total |      85 |       6 |   6.6 |      46 |       2 |   4.2
            +---------+---------+-------+---------+---------+-------
        D:1 |      38 |       6 |  13.6 |      23 |       2 |   8.0
        D:2 |      47 |       0 |   0.0 |      23 |       0 |   0.0
            +---------+---------+-------+---------+---------+-------
